 Dungeon Crawl Stone Soup version 0.23-a0-448-g1c01f63 (webtiles) character file.

91 MisterFreud the Conjurer (level 4, -14/33 HPs)
             Began as a Draconian Conjurer on Nov 20, 2018.
             Demolished by an ogre
             ... wielding a +0 giant spiked club
              (25 damage)
             ... on level 2 of the Dungeon.
             The game lasted 00:07:40 (1707 turns).

MisterFreud the Conjurer (Draconian Conjurer)       Turns: 1707, Time: 00:07:41

Health: -14/33     AC:  5    Str: 10    XL:     4   Next: 34%
Magic:  0/7        EV: 12    Int: 16    God:
Gold:   93         SH:  0    Dex: 12    Spells: 6/7 levels left

rFire    . . .     SeeInvis .   h - +1 short sword
rCold    . . .     Gourm    .   (no shield)
rNeg     . . .     Faith    .   (armour unavailable)
rPois    .         Spirit   .   (helmet restricted)
rElec    .         Reflect  .   (no cloak)
rCorr    .         Harm     .   (no gloves)
MR       .....                  (no boots)
Stlth    +++.......             (no amulet)
HPRegen  0.11/turn              i - ring of stealth
MPRegen  0.10/turn              (no ring)

@: very slightly contaminated
A: unfitting armour, cold-blooded, AC +5
a: no special abilities


You were on level 2 of the Dungeon.
You were hungry.

You visited 1 branch of the dungeon, and saw 2 of its levels.

You collected 93 gold pieces.

Inventory:

Hand Weapons
 h - a +1 short sword (weapon)
Missiles
 a - 7 sling bullets
 c - 59 stones (quivered)
 n - 20 bolts
Jewellery
 i - a ring of stealth (left hand)
Scrolls
 g - a scroll of remove curse
Potions
 d - a potion of resistance {unknown}
 e - a potion of heal wounds
 k - a potion of lignification
Comestibles
 b - 7 rations
 j - 4 chunks of flesh


   Skills:
 - Level 1.7 Dodging
 - Level 1.7 Stealth
 - Level 2.0 Spellcasting
 + Level 5.9 Conjurations


You had 6 spell levels left.
You knew the following spells:

 Your Spells              Type           Power        Failure   Level  Hunger
a - Magic Dart            Conj           ###.         1%          1    #......

Your spell library contained the following spells:

 Spells                   Type           Power        Failure   Level  Hunger
 Searing Ray              Conj           ###...       2%          2    ###....
 Dazzling Spray           Conj/Hex       ##....       19%         3    ###....
 Iskenderun's Mystic Bla  Conj           ###.....     19%         4    #####..
 Force Lance              Conj/Tloc      ##......     52%         4    #####..
 Fulminant Prism          Conj/Hex       ##........   52%         4    #####..


Dungeon Overview and Level Annotations

Branches:
Dungeon (2/15)

Altars:


Innate Abilities, Weirdness & Mutations

Your plain brown scales are hard. (AC +5)
You cannot fit into any form of body armour.
You are cold-blooded and may be slowed by cold attacks.


Message History

Casting: Magic Dart (safe; 1% risk of failure)
Confirm with . or Enter, or press ? or * to list all spells.
Aiming: Magic Dart (safe; 1% risk of failure)
Press: ? - help, Shift-Dir - straight line, f/p - ogre
Aim: an ogre, wielding a +0 giant spiked club (severely wounded)
You miscast Magic Dart.
Nothing appears to happen.
The ogre closely misses you.
You hit the ogre.
The ogre is almost dead.
The ogre hits you with a +0 giant spiked club!
* * * LOW HITPOINT WARNING * * *
Casting: Magic Dart (safe; 1% risk of failure)
Confirm with . or Enter, or press ? or * to list all spells.
Aiming: Magic Dart (safe; 1% risk of failure)
Press: ? - help, Shift-Dir - straight line, f/p - ogre
Aim: an ogre, wielding a +0 giant spiked club (almost dead)
The magic dart hits the ogre.
The ogre is almost dead.
The ogre hits you with a +0 giant spiked club!!
Ouch! That really hurt!
You die...

##.... ######...###
#..........# #.##.......#
#####.##.......#
........>....<.#######
.####.###.......##...# .#
#.# #...)#.#<#...# .# #.#
#......O@.>..### .# #.#
#.##.#.#.#....)#
.####.###.###...##.....##
.#........# ##.######...#
....#.###.# #.# ###.#
..>.#.###.####.# #.#
..#.#..........# #[#
..#.#####.###### #.#
..#.# #.# #.#


You could see an ogre.

Vanquished Creatures
  A hound (D:2)
  2 adders (D:2)
  A worm (D:2)
  A dart slug (D:1)
  3 leopard geckos
  2 giant cockroaches
  3 goblins
  3 hobgoblins (D:1)
  3 jackals (D:1)
  6 kobolds
  4 bats
  2 frilled lizards
  7 rats
38 creatures vanquished.

Notes
Turn   | Place    | Note
-------+----------+-------------------------------------------
     0 | D:1      | MisterFreud the Draconian Conjurer began the quest for the
                  | Orb.
     0 | D:1      | Reached XP level 1. HP: 14/14 MP: 3/3
   450 | D:1      | Reached XP level 2. HP: 20/20 MP: 0/5
   910 | D:1      | Reached skill level 5 in Conjurations
   910 | D:1      | Reached XP level 3. HP: 24/26 MP: 3/6
  1312 | D:2      | Noticed an ogre
  1519 | D:2      | Reached XP level 4. HP: 22/33 MP: 0/7
  1707 | D:2      | Demolished by an ogre

Vault maps used:
D:1:      lemuel_arrival_broad_hall, nrook_loot_triangle, minmay_liquid_box
D:2:      cheibrodos_helix_gallery, kennysheep_pointless_box,
          kennysheep_nondescript

Skill      XL: |  1  2 |
---------------+-------+-----
Conjurations   | 5 |  5.9
Dodging        | |  1.7
Stealth        | |  1.7
Spellcasting   | |  2.0

Action                   |  1- 3 |  4- 6 || total
-------------------------+-------+-------++-------
Melee: Unarmed           |     5 |       ||     5
       Short sword       |    53 |     8 ||    61
       Tailslap          |     6 |     2 ||     8
 Cast: Magic Dart        |    50 |    13 ||    63
  Use: Scroll            |     9 |     1 ||    10
 Stab: Sleeping          |     3 |     1 ||     4
  Eat: Chunk             |     3 |       ||     3
Armor: Skin              |    32 |     2 ||    34
Dodge: Dodged            |    54 |    11 ||    65

Table legend:
 A = Non-vault XP
 B = Vault XP
 C = Vault XP percentage of total XP
 D = Non-vault monster count
 E = Vault monster count
 F = Vault count percentage of total count
                 A         B        C        D         E       F
            +---------+---------+-------+---------+---------+-------
      Total |     130 |       1 |   0.8 |      37 |       1 |   2.6
            +---------+---------+-------+---------+---------+-------
        D:1 |      46 |       0 |   0.0 |      27 |       0 |   0.0
        D:2 |      84 |       1 |   1.2 |      10 |       1 |   9.1
            +---------+---------+-------+---------+---------+-------
